 Dungeon Crawl Stone Soup version 0.26-a0-1191-ge2a0e31ab3 (webtiles) character file.

Game seed: 4733137222200677886

128 sokol815 the Sneak (level 5, -3/34 HPs)
             Began as an Octopode Gladiator on Dec 29, 2020.
             Was a Follower of Dithmenos.
             Slain by a hobgoblin
             ... wielding a +0 club
              (5 damage)
             ... on level 4 of the Dungeon.
             The game lasted 00:05:47 (1873 turns).

sokol815 the Sneak (Octopode Gladiator)             Turns: 1873, Time: 00:05:48

Health: -3/34      AC:  1    Str: 13    XL:     5   Next: 12%
Magic:  5/5        EV: 14    Int: 11    God:    Dithmenos [*.....]
Gold:   151        SH:  0    Dex: 14    Spells: 4/4 levels left

rFire    . . .     SeeInvis .   b - +2 dagger (freeze)
rCold    . . .     Faith    .   (no shield)
rNeg     . . .     Spirit   .   g - +0 hat
rPois    .         Reflect  .   (no amulet)
rElec    .         Harm     .   (no ring)
rCorr    .         Rampage  .   (no ring)
Will     .....                  (no ring)
Stlth    ++++......             (no ring)
HPRegen  0.11/turn              (no ring)
MPRegen  0.09/turn              (no ring)
                                (no ring)
                                (no ring)

@: wreathed by umbra
A: almost no armour, stealthy swim, amphibious, 8 rings, constrict 8, camouflage
1, gelatinous body 1
a: Renounce Religion


You were on level 4 of the Dungeon.
You worshipped Dithmenos.
Dithmenos was aware of your devotion.
You visited 1 branch of the dungeon, and saw 4 of its levels.

You collected 151 gold pieces.

Inventory:

Hand Weapons
 a - a +0 long sword
 b - a +2 dagger of freezing (weapon)
   (You took it off a goblin on level 1 of the Dungeon)
 h - a +1 vampiric hand axe
   (You found it on level 1 of the Dungeon)
Missiles
 c - 3 throwing nets {=f, !d}
 d - 69 stones (quivered)
 l - 10 bolts
Armour
 g - a +0 hat (worn)
Wands
 p - a wand of random effects (11)
   (You took it off Robin on level 4 of the Dungeon)
Scrolls
 e - a scroll of identify
 f - a scroll of teleportation
 k - a scroll of remove curse {unknown}
 o - a scroll of fog {unknown}
Potions
 i - a potion of flight {unknown}
 j - 4 potions of curing
 m - a potion of brilliance {unknown}
 n - a potion of resistance {unknown}


   Skills:
 - Level 2.0 Fighting
 + Level 4.0 Long Blades
 - Level 2.0 Throwing
 - Level 3.0 Dodging
 * Level 5.4 Stealth


You had 4 spell levels left.
You didn't know any spells.
Your spell library was empty.

Dungeon Overview and Level Annotations

Branches:
Dungeon (3/15)

Altars:
Dithmenos
Fedhas

Shops:
D:4 *?

Annotations:
D:2 Ijyb
D:3 exclusion: adder, Grinder, Terence


Innate Abilities, Weirdness & Mutations

You cannot wear most types of armour.
You are very stealthy in the water. (Stealth+)
You are amphibious.
You can wear up to eight rings at the same time.
You can use your tentacles to constrict eight enemies at once.
Your skin changes colour to match your surroundings (Stealth+).
Your rubbery body absorbs attacks. (AC +1, EV +1)


Message History

Health restored: 34
Okay, then.
As you read the scroll labelled UGIR ORIYDU, it crumbles to dust.
You feel strangely unstable.
It was a scroll of teleportation.
As you read the scroll labelled XOAQEGUSAH, it crumbles to dust.
It is a scroll of identify.
j - 5 potions of curing
d - 70 stones (gained 1)
Your surroundings suddenly seem different.
An orc comes into view. 3 hobgoblins and 7 kobolds come into view.
The helpless kobold fails to defend itself.
You impale the kobold!! You freeze the kobold.
You kill the kobold!
Dithmenos accepts your kill.
The helpless kobold fails to defend itself.
You impale the kobold!! You freeze the kobold.
You kill the kobold!
Dithmenos accepts your kill.
You throw a stone. The orc shouts!
The stone hits the kobold.
The kobold shouts!
The hobgoblin shouts!
The kobold shouts! x3
You hear a shout! x2
The orc throws a boomerang.
The boomerang closely misses you.
The weapon returns to the orc!
The kobold hits you with a +0 dagger.
The hobgoblin shouts!
You hit the kobold. You freeze the kobold.
You kill the kobold!
Dithmenos accepts your kill. The kobold hits you with a +0 club.
You take 4 damage, and have 30/34 hp.
You hit the kobold. You freeze the kobold.
You kill the kobold!
Dithmenos accepts your kill. The hobgoblin barely misses you.
A big kobold comes into view. It is wielding a +0 club.
The big kobold shouts!
You hit the hobgoblin. You freeze the hobgoblin. You grab the hobgoblin.
You constrict the hobgoblin. The kobold hits you with a +0 club.
The hobgoblin closely misses you. The hobgoblin misses you.
You take 5 damage, and have 26/34 hp.
You hit the hobgoblin. You freeze the hobgoblin.
You kill the hobgoblin!
Dithmenos accepts your kill. The hobgoblin hits you with a +0 club.
The kobold hits you but does no damage.
You take 2 damage, and have 24/34 hp.
You hit the kobold. You freeze the kobold.
You kill the kobold!
Dithmenos accepts your kill. The hobgoblin closely misses you.
The kobold misses you.
You closely miss the kobold. Your grab misses the kobold.
You squeeze the kobold.
You kill the kobold!
Dithmenos accepts your kill.
You barely miss the hobgoblin. You grab the hobgoblin.
You squeeze the hobgoblin.
You constrict the hobgoblin, but do no damage.
The kobold hits you with a +0 club. The hobgoblin hits you with a +0 club.
The hobgoblin hits you but does no damage.
A big kobold comes into view. It is wielding a +1 dagger of venom.
You take 7 damage, and have 17/34 hp.
MASSIVE DAMAGE!!
You feel better.
You constrict the hobgoblin. The hobgoblin hits you with a +0 club.
The kobold closely misses you. The hobgoblin hits you with a +0 club.
You regained 5 hp, and now have 22/34 hp.
You hit the hobgoblin. You freeze the hobgoblin.
You kill the hobgoblin!
Dithmenos accepts your kill.
You are shrouded in an aura of darkness!
The kobold misses you. The hobgoblin hits you with a +0 club.
The orc throws a boomerang.
The boomerang misses you.
The weapon returns to the orc!
You take 6 damage, and have 16/34 hp.
You hit the big kobold. You freeze the big kobold.
Your grab misses the big kobold.
You squeeze the big kobold, but do no damage.
The big kobold misses you. The hobgoblin hits you with a +0 club.
The kobold completely misses you.
You take 3 damage, and have 13/34 hp.
You hit the big kobold. You freeze the big kobold.
Your grab misses the big kobold.
The orc throws a boomerang.
The boomerang hits you.
* * * LOW HITPOINT WARNING * * *
The weapon returns to the orc!
The big kobold closely misses you. The kobold closely misses you.
The hobgoblin barely misses you.
You take 3 damage, and have 10/34 hp.
You hit the big kobold. You freeze the big kobold. You grab the big kobold.
You constrict the big kobold, but do no damage.
The orc throws a boomerang.
The boomerang misses you.
The weapon returns to the orc!
The big kobold hits you with a +0 club.
* * * LOW HITPOINT WARNING * * *
You take 2 damage, and have 8/34 hp.
You barely miss the big kobold. You constrict the big kobold.
The kobold hits you with a +0 club.
* * * LOW HITPOINT WARNING * * *
The hobgoblin hits you with a +0 club.
You die...

..#
..#
..#
..#
##..
#o.#
##)K#
#.@#
#Kg#
#(.#
#.K#
#..#
..##
..
#..


You could see 2 big kobolds, an orc, a hobgoblin and a kobold.

Vanquished Creatures
  Robin (D:4)
  An adder (D:3)
  4 gnolls
  A dart slug (D:2)
  A leopard gecko (D:2)
  An orc (D:3)
  2 giant cockroaches
  18 goblins
  12 hobgoblins
  4 jackals (D:3)
  7 kobolds
  A quokka (D:2)
  2 bats (D:1)
  A frilled lizard (D:1)
  3 rats
59 creatures vanquished.

Notes
Turn   | Place    | Note
-------+----------+-------------------------------------------
     0 | D:1      | sokol815 the Octopode Gladiator began the quest for the
                  | Orb.
     0 | D:1      | Reached XP level 1. HP: 14/14 MP: 1/1
   358 | D:1      | Reached skill level 1 in Stealth
   622 | D:1      | Reached skill level 2 in Stealth
   622 | D:1      | Reached XP level 2. HP: 18/19 MP: 2/2
   899 | D:2      | Found a faded altar of an unknown god.
   906 | D:1      | Reached skill level 3 in Stealth
   906 | D:1      | Reached XP level 3. HP: 20/24 MP: 3/3
  1244 | D:2      | Reached skill level 4 in Stealth
  1254 | D:2      | Reached XP level 4. HP: 25/29 MP: 4/4
  1351 | D:2      | Found a blossoming altar of Fedhas.
  1379 | D:2      | Noticed Ijyb
  1577 | D:3      | Found a shadowy altar of Dithmenos.
  1609 | D:3      | Became a worshipper of Dithmenos the Shadowed
  1648 | D:3      | Noticed Grinder
  1696 | D:3      | Noticed Terence
  1699 | D:3      | You fall into a shaft and drop 1 floor!
  1723 | D:4      | Found Wyontuow's Magic Scroll Shoppe.
  1732 | D:4      | Noticed Robin
  1751 | D:4      | Reached skill level 5 in Stealth
  1779 | D:4      | Killed Robin
  1780 | D:4      | Reached skill level 4 in Long Blades
  1780 | D:4      | Reached XP level 5. HP: 33/34 MP: 5/5
  1806 | D:4      | Found Gogoh's Assorted Antiques.
  1862 | D:4      | Noticed a big kobold
  1867 | D:4      | Noticed a big kobold
  1869 | D:4      | Reached * piety under Dithmenos
  1872 | D:4      | HP: 8/34 [big kobold/+0 club (3)]
  1873 | D:4      | HP: 2/34 [kobold/+0 club (6)]
  1873 | D:4      | Slain by a hobgoblin

Illustrated notes

Levels and vault maps discovered:
D:1:      zelgadis_glass_arrival_small, layout_loops_corners, hex_tiny
D:2:      kennysheep_the_goblin_king, layout_rooms,
          chequers_ecumenical_altar_simple_redux, fedhas_altar_2
D:3:      layout_loops_ring, grunt_dithmenos_smoke, lemuel_round_altar,
          old_standard_altar, uniq_terence, uniq_grinder,
          uniq_crazy_yiuf_cottage
D:4:      cheibrodos_thug_alley, layout_basic, gammafunk_temple_overflow_pools,
          serial_shops, nicolae_shop_stone, nicolae_shop_trees, shop_fountains,
          nicolae_shop_overgrown_old_shop, uniq_robin

Skill      XL: |  1  2  3  4 |
---------------+-------------+-----
Stealth        | 2 3 4 5 |  5.4
Long Blades    | 4 |  4.0
Fighting       | |  2.0
Throwing       | |  2.0
Dodging        | |  3.0

Action                   |  1- 3 |  4- 6 || total
-------------------------+-------+-------++-------
Melee: Dagger            |    26 |    76 ||   102
       Long sword        |     4 |       ||     4
       Constrict         |    10 |    20 ||    30
       Tentacles         |     5 |    18 ||    23
Throw: Stone             |    53 |    52 ||   105
  Use: Scroll            |       |     2 ||     2
       Potion            |       |     1 ||     1
 Stab: Sleeping          |     1 |     2 ||     3
Armor: Skin              |     5 |     2 ||     7
Dodge: Dodged            |    17 |    34 ||    51

Table legend: (Time is in decaauts)
 A = Elapsed time spent in this place.
 B = Non-inter-level travel time spent in this place.
 C = Inter-level travel time spent in this place.
 D = Time resting spent in this place.
 E = Time spent auto-exploring this place.
 F = Levels seen in this place.
 G = Mean time per level.
                   A        B        C        D        E       F      G
               +--------+--------+--------+--------+--------+-----+--------+
         Total |   1866 |   1747 |    119 |    128 |   1211 |   4 |  466.5 |
       Dungeon |   1866 |   1747 |    119 |    128 |   1211 |   4 |  466.5 |
               +--------+--------+--------+--------+--------+-----+--------+

Top non-repeatable levels by time:
     D:1: 1039 daAuts
     D:2: 442 daAuts
     D:3: 215 daAuts
     D:4: 169 daAuts

Table legend:
 A = Kills in this place as a percentage of kills in entire the game.
 B = Kills by you in this place as a percentage of kills by you in the entire game.
 C = Kills by friends in this place as a percentage of kills by friends in the entire game.
 D = Other kills in this place as a percentage of other kills in the entire game.
 E = Experience gained in this place as a percentage of experience gained in the entire game.
 F = Experience gained in this place divided by the number of levels of this place that you have seen.
                   A       B       C       D       E      F
               +-------+-------+-------+-------+-------+----------------------
         Total | 100.0 | 100.0 |   N/A |   N/A | 100.0 |  46.0
       Dungeon | 100.0 | 100.0 |   N/A |   N/A | 100.0 |  46.0
               +-------+-------+-------+-------+-------+----------------------
